 Dungeon Crawl Stone Soup version 0.29.1-1-gd02db6906a (webtiles) character file.

Game seed: 12765682025208966087

366 masschaos23 the Trooper (level 6, -12/56 HPs)
             Began as a Hill Orc Fighter on Sept 25, 2022.
             Was a Follower of Beogh.
             Mangled by Pikel
             ... wielding a +0 whip of electrocution
              (15 damage)
             ... on level 4 of the Dungeon.
             The game lasted 00:07:27 (3820 turns).

masschaos23 the Trooper (Hill Orc Fighter)          Turns: 3820, Time: 00:07:28

Health: -12/56     AC: 11    Str: 24    XL:     6   Next: 68%
Magic:  6/6        EV: 10    Int:  8    God:    Beogh [*.....]
Gold:   183        SH:  5    Dex: 10    Spells: 5/5 levels left

rFire   . . .      SeeInvis .   a - +0 war axe
rCold   . . .      Faith    .   c - +0 buckler
rNeg    . . .      Spirit   .   n - +5 ring mail of the Nexus {Str+3}
rPois   .          Reflect  .   (no helmet)
rElec   .          Harm     .   (no cloak)
rCorr   .          Rampage  .   (no gloves)
Will    .....                   (no boots)
Stlth   ..........              (no amulet)
HPRegen 0.18/turn               (no ring)
MPRegen 0.10/turn               (no ring)

@: no status effects
A: no striking features
a: Renounce Religion


You were on level 4 of the Dungeon.
You worshipped Beogh.
Beogh was aware of your devotion.
You visited 1 branch of the dungeon, and saw 4 of its levels.

You collected 183 gold pieces.

Inventory:

Hand Weapons
 a - a +0 war axe (weapon)
Armour
 b - a +0 scale mail
 c - a +0 buckler (worn)
 n - the +5 ring mail of the Nexus (worn) {Str+3}
   (You found it on level 2 of the Dungeon)

   Str:       It affects your strength (+3).
 t - the +0 ring mail of Proximity {rElec Will- Str+5}
   (You found it on level 3 of the Dungeon)

   Str:       It affects your strength (+5).
   rElec:     It insulates you from electricity.
   Will:      It decreases your willpower.
Jewellery
 e - a ring of fire
 s - a ring of flight
Wands
 i - a wand of iceblast (9)
 k - a wand of polymorph (12)
 m - a wand of acid (10)
Scrolls
 f - a scroll of enchant armour {unknown}
 q - a scroll of amnesia
Potions
 d - 2 potions of might
 g - a potion of invisibility
 j - a potion of attraction {unknown}
 l - 2 potions of brilliance
 o - 2 potions of ambrosia {unknown}
 p - a potion of magic {unknown}
 r - a potion of mutation {unknown}
 u - a potion of flight {unknown}
 v - 3 potions of heal wounds {unknown}


   Skills:
 + Level 5.3 Fighting
 + Level 5.1 Axes
 + Level 4.8 Armour
 + Level 4.9 Shields


You had 5 spell levels left.
You didn't know any spells.
Your spell library contained the following spells:

 Spells                   Type           Power      Damage    Failure   Level
 Foxfire                  Conj/Fire      0%         2x1d4     63%         1
 Slow                     Hex            0%         N/A       63%         1
 Confusing Touch          Hex            0%         N/A       94%         3
 Conjure Flame            Conj/Fire      0%         6-21      94%         3
 Inner Flame              Hex/Fire       0%         N/A       94%         3
 Vampiric Draining        Necr           0%         2d6       94%         3
 Flame Wave               Conj/Fire      0%         2d4       100%        4
 Olgreb's Toxic Radiance  Pois           0%         N/A       100%        4
 Ozocubu's Refrigeration  Ice            0%         4d7       100%        7
 Ignition                 Fire           0%         3d3       100%        8


Dungeon Overview and Level Annotations

Branches:
Dungeon (4/15)
 Temple: D:4-7

Altars:

Annotations:
D:3 1 runed translucent door, Crazy Yiuf
D:4 Pikel


Message History

The black bear is severely wounded.
The black bear bites you. You block the black bear's attack.
The black bear claws you but does no damage.
The black bear bites you!
* * * LOW HITPOINT WARNING * * *
The black bear misses you. The black bear barely misses you.
You feel better. The black bear bites you!
* * * LOW HITPOINT WARNING * * *
The black bear closely misses you. x2
You slash the black bear!
You kill the black bear!
Beogh accepts your kill.
Your Axes skill increases to level 5!
You start resting.
Pikel is nearby!
You see here a black bear corpse.
You start resting.
Pikel is nearby!
The lemure shouts!
Pikel zaps a wand.
The bolt of acid misses you.
The lemure shouts!
You hit Pikel but do no damage.
Pikel hits you with a +0 whip of electrocution.
Pikel zaps a wand.
The bolt of acid misses you.
You closely miss Pikel. Pikel hits you but does no damage.
You are electrocuted!
You completely miss Pikel.
Pikel hits you with a +0 whip of electrocution.
You are electrocuted!
* * * LOW HITPOINT WARNING * * *
There are monsters nearby!
You feel better.
The lemure shouts!
Pikel zaps a wand.
The bolt of acid hits you!
* * * LOW HITPOINT WARNING * * *
You feel better.
Pikel hits you with a +0 whip of electrocution.
* * * LOW HITPOINT WARNING * * *
You are electrocuted!
You die...

#......'......................'.
#......#......................#.
#......##########...##..##...##.
#######........##5..##..##...##.
........#..............#.
........#..............#.
.......5#...........^..#.
......5K#..............#.
########@..............#.
#..###########'##. ##...#
#.....#. ....# #.....'. #....#
#.....#. ##...# #.....#. #...+
#.....## #...# #....... ###+#
#.......


You could see Pikel and 3 lemures.

Vanquished Creatures
  A black bear (D:4)
  A phantom (D:4)
  A lemure (D:4)
  A jelly (D:4)
  Jessica (D:2)
  Ijyb (D:3)
  An orc wizard (D:4)
  2 adders (D:4)
  3 dart slugs
  4 orcs
  5 ball pythons
  5 endoplasms
  A giant cockroach (D:1)
  5 goblins
  5 hobgoblins
  8 jackals (D:1)
  3 quokkas
  5 bats
  8 kobolds
  7 rats
68 creatures vanquished.

Vanquished Creatures (others)
  A rat (D:3)
1 creature vanquished.

Grand Total: 69 creatures vanquished

Notes
Turn   | Place    | Note
-------+----------+-------------------------------------------
     0 | D:1      | masschaos23 the Hill Orc Fighter began the quest for the
                  | Orb.
     0 | D:1      | Reached XP level 1. HP: 19/19 MP: 1/1
   132 | D:1      | Reached XP level 2. HP: 22/27 MP: 2/2
   664 | D:1      | Reached XP level 3. HP: 28/33 MP: 3/3
   727 | D:1      | Found a faded altar of an unknown god.
   877 | D:2      | Identified the +5 ring mail of the Nexus {Str+3}
  1212 | D:2      | You fall into a shaft and drop 1 floor!
  1242 | D:3      | Became a worshipper of Beogh the Brigand
  1247 | D:3      | Noticed Ijyb
  1256 | D:3      | Killed Ijyb
  1257 | D:3      | Reached XP level 4. HP: 35/41 MP: 4/4
  1585 | D:3      | Found a runed translucent door.
  1586 | D:3      | Noticed Crazy Yiuf
  1981 | D:3      | Identified the +0 ring mail of Proximity {rElec Will-
                  | Str+5}
  2571 | D:2      | Noticed Jessica
  2575 | D:2      | Killed Jessica
  2988 | D:4      | Reached XP level 5. HP: 31/47 MP: 5/5
  3185 | D:4      | Reached * piety under Beogh
  3194 | D:4      | Noticed a phantom
  3221 | D:4      | Killed a phantom
  3222 | D:4      | Reached skill level 5 in Fighting
  3222 | D:4      | Reached XP level 6. HP: 42/56 MP: 6/6
  3284 | D:4      | Noticed Pikel
  3672 | D:4      | Noticed a black bear
  3691 | D:4      | Killed a black bear
  3692 | D:4      | Reached skill level 5 in Axes
  3820 | D:4      | Mangled by Pikel

Illustrated notes

Levels and vault maps discovered:
D:1:      saegor_arrival_simple_c, layout_basic, serial_curves, eino_curves_04,
          eino_curves_02, eino_curves_03, eino_curves_04,
          ebering_ecumenical_altar_hall
D:2:      layout_basic, serial_rivers, chequers_serial_rivers_marsh,
          chequers_serial_rivers_small_b, chequers_serial_rivers_micro_c,
          chequers_serial_rivers_micro_d, chequers_serial_rivers_micro_a,
          chequers_serial_rivers_micro_b, uniq_jessica
D:3:      layout_basic, minmay_misc_feat_tiny, uniq_ijyb,
          uniq_crazy_yiuf_cottage
D:4:      layout_gridville, uniq_pikel

Skill      XL: |  1  2  3  4  5  6 |
---------------+-------------------+-----
Axes           | 3 4 5 |  5.1
Fighting       | 4 5 |  5.3
Shields        | 4 |  4.9
Armour         | 4 |  4.8

Action                   |  1- 3 |  4- 6 || total
-------------------------+-------+-------++-------
Melee: War axe           |   106 |   119 ||   225
       Unarmed           |     4 |     1 ||     5
Invok: Convert to Beogh  |     1 |       ||     1
  Use: Scroll            |     4 |     4 ||     8
       Potion            |       |     3 ||     3
Armor: Scale mail        |    56 |       ||    56
       Ring mail         |    16 |    74 ||    90
       Skin              |     1 |     1 ||     2
Dodge: Dodged            |    53 |    73 ||   126
Block: Buckler           |    34 |    35 ||    69
